 Dungeon Crawl Stone Soup version 0.21-a0-88-g13b9641 (webtiles) character file.

17217 tidbits the Carver (level 12, -5/72 HPs)
             Began as a Tengu Air Elementalist on June 27, 2017.
             Was a Follower of Uskayaw.
             Slain by a manticore (11 damage)
             ... on level 11 of the Dungeon.
             The game lasted 01:37:00 (12761 turns).

tidbits the Carver (Tengu Air Elementalist)        Turns: 12761, Time: 01:37:01

Health: -5/72      AC:  7    Str:  9    XL:     12   Next: 45%
Magic:  17/20      EV: 17    Int: 20    God:    Uskayaw [*.....]
Gold:   694        SH:  0    Dex: 15    Spells: 6/21 levels left

rFire    . . .     SeeInvis .   f - +2 short sword (elec)
rCold    . . .     Gourm    .   (no shield)
rNeg     . . .     Faith    .   B - +3 troll leather armour
rPois    .         Spirit   .   (helmet restricted)
rElec    .         Reflect  .   N - scarf {repulsion}
rCorr    .         Harm     .   (no gloves)
MR       .....                  (boots unavailable)
Stlth    +++.......             s - amulet of rage
HPRegen  0.62/turn              Y - +5 ring of slaying
MPRegen  0.17/turn              W - ring of wizardry

@: repel missiles
A: beak, talons 3, able to fly 1
a: Fly, Stomp, Renounce Religion, Evoke Berserk Rage


You were on level 11 of the Dungeon.
You worshipped Uskayaw.
Uskayaw was noncommittal.
You were not hungry.

You visited 3 branches of the dungeon, and saw 14 of its levels.
You also visited: Volcano.

You collected 694 gold pieces.

Inventory:

Hand Weapons
 a - a +1 scimitar of flaming
 b - a +4 dagger of draining
 f - a +2 short sword of electrocution (weapon)
 o - a +0 longbow of flaming
 V - a +0 blowgun
Missiles
 m - 45 stones (quivered)
 n - 2 throwing nets
 v - 265 arrows
 T - 9 curare-tipped needles
Armour
 B - a +3 troll leather armour (worn)
 C - a scarf of resistance
 N - a scarf of repulsion (worn)
Magical Staves
 z - an uncursed staff of power
Jewellery
 p - a +2 ring of protection
 s - an amulet of rage (around neck)
 I - an uncursed ring of see invisible
 U - an uncursed ring of ice
 W - a ring of wizardry (right hand)
 Y - a +5 ring of slaying (left hand)
Wands
 d - a wand of digging (8/24)
 l - a wand of acid (6/15)
 w - a wand of lightning (9/15)
 A - a wand of enslavement (18/24)
 L - a wand of iceblast (9/15)
 O - a wand of iceblast (10/15)
 P - a wand of digging (15/24)
 R - a wand of flame (23/48)
Scrolls
 e - a scroll of brand weapon
 g - a scroll of fear {unknown}
 r - 2 scrolls of remove curse
 t - 9 scrolls of teleportation
 y - a scroll of fog
 G - 2 scrolls of amnesia
 H - 2 scrolls of recharging
 Z - a scroll of magic mapping
Potions
 h - a potion of lignification {unknown}
 j - 3 potions of curing
 q - a potion of agility {unknown}
 u - a potion of cancellation {unknown}
 x - a potion of invisibility {unknown}
 D - a potion of haste {unknown}
 F - 3 potions of flight
 J - 2 potions of mutation {!q}
 M - a potion of might {unknown}
 Q - a potion of magic
Comestibles
 c - 7 bread rations
 k - 9 royal jellies
 E - a meat ration
 K - 2 chunks of flesh


   Skills:
 - Level 7.3 Fighting
 + Level 12.1 Long Blades
 - Level 8.4 Dodging
 - Level 7.3 Stealth
 - Level 5.1 Spellcasting
 - Level 7.1 Conjurations
 - Level 9.1 Air Magic
 - Level 5.2 Invocations


You had 6 spell levels left.
You knew the following spells:

 Your Spells              Type           Power        Failure   Level  Hunger
d - Static Discharge      Conj/Air       #####...     1%          3    ##.....
h - Lightning Bolt        Conj/Air       #####.....   6%          5    #####..
i - Airstrike             Air            #####.....   1%          4    ####...
z - Shock                 Conj/Air       ####         1%          1    None
W - Swiftness             Chrm/Air       ###.....     1%          2    None


Dungeon Overview and Level Annotations

Branches:
Dungeon (11/15)            Temple (1/1) D:5            Lair (2/6) D:9
 Shoals (0/4) Lair:2          Orc (0/2) D:9
  Snake: Lair:2-4    Spider: Lair:2-4

Altars:
Ashenzari
Cheibriados
Dithmenos
Elyvilon
Fedhas
Gozag
Hepliaklqana
Kikubaaqudgha
Makhleb
Nemelex Xobeh
Okawaru
Qazlal
Ru
Sif Muna
Trog
Uskayaw
Vehumet
Wu Jian
Xom
Yredelemnul
Zin
The Shining One

Shops:
D:10 (

Annotations:
D:3 exclusion: downstairs
D:6 Dowan, Sigmund
D:7 1 runed door, exclusion: door
D:11 exclusion: manticore


Innate Abilities, Weirdness & Mutations

You have a beak for a mouth.
You have claws for feet.
You can fly.


Message History

The adder is struck by lightning.
The adder is heavily wounded.
The lightning arcs!
You are struck by lightning.
The lightning arcs!
The manticore is struck by lightning.
The manticore is lightly wounded.
The lightning grounds out.
The adder bites you but does no damage. The manticore bites you!!
* * * LOW HITPOINT WARNING * * *
The manticore claws you!
* * * LOW HITPOINT WARNING * * *
The manticore barely misses you.
Unknown command.
Okay, then.
Unknown command.
You feel much better. The adder bites you but does no damage.
The manticore bites you!!
* * * LOW HITPOINT WARNING * * *
The manticore claws you but does no damage.
The manticore claws you!
You die...

#.# #..#########..# #.#
########.........[...##
#..
.......................
#.
#######.)############..
#..# #.. #..# #.. #..#
#.. ########..# #..
......S@..############..
......H.................
########################


You could see a manticore and an adder.

Vanquished Creatures
  Josephine (D:10)
  Fannar (Lair:1)
  2 hydras
  A two-headed ogre (D:8)
  Sonja (Lair:2)
  The ghost of grisnicke the Zephyrmancer, a novice TeAE of Kikubaaqudgha (D:7)
  Joseph (D:9)
  A spiny frog (Lair:1)
  A gargoyle (Volcano)
  An efreet (Volcano)
  A komodo dragon (Lair:2)
  4 trolls
  3 blink frogs (Lair:1)
  2 hippogriffs (Lair:2)
  2 hogs (D:8)
  3 wyverns
  3 wraiths (D:10)
  A human (D:8)
  8 yaks
  2 basilisks
  4 water moccasins
  A porcupine (Lair:1)
  Duvessa (D:6)
  5 orc warriors
  A sky beast (D:10)
  3 ice beasts
  3 phantoms
  2 black bears
  7 centaurs
  3 ogres
  A crocodile (Lair:1)
  2 big kobolds
  A gnoll sergeant (D:8)
  2 earth elementals (Volcano)
  8 bullfrogs
  A water moccasin zombie (D:6)
  A wyvern zombie (D:11)
  A water moccasin skeleton (D:9)
  2 scorpions
  21 killer bees
  5 wights (D:10)
  A bullfrog zombie (D:10)
  3 jellies
  A quasit (D:10)
  7 hounds
  5 orc priests
  3 iguanas
  4 centaur skeletons
  13 orc wizards
  9 worker ants
  2 hound skeletons (D:7)
  A worker ant zombie (D:8)
  4 gnolls (D:8)
  16 adders
  2 shadow imps
  An ooze (D:3)
  An adder zombie (D:8)
  7 worms
  7 leopard geckos
  46 orcs
  2 ball pythons
  6 bats
  4 giant cockroaches
  6 hobgoblins
  11 jackals
  15 kobolds
  5 quokkas
  3 frilled lizards
  A giant cockroach zombie (D:5)
  6 goblins
  A leopard gecko zombie (D:5)
  A quokka skeleton (D:4)
  5 rats
314 creatures vanquished.

Vanquished Creatures (others)
  A fungus (D:7)
  A plant (Lair:2)
2 creatures vanquished.

Grand Total: 316 creatures vanquished

Notes
Turn   | Place    | Note
-------+----------+-------------------------------------------
     0 | D:1      | tidbits the Tengu Air Elementalist began the quest for the Orb.
     0 | D:1      | Reached XP level 1. HP: 10/10 MP: 4/4
   471 | D:1      | Reached XP level 2. HP: 12/15 MP: 3/6
   504 | D:1      | Learned a level 2 spell: Swiftness
  1305 | D:2      | Reached XP level 3. HP: 19/19 MP: 4/7
  1617 | D:2      | Reached skill level 5 in Air Magic
  1672 | D:2      | Reached XP level 4. HP: 24/24 MP: 5/8
  1677 | D:2      | Learned a level 3 spell: Static Discharge
  2307 | D:4      | Noticed an ogre
  2366 | D:3      | Found an iron altar of Okawaru.
  2437 | D:3      | Gained mutation: You can fly. [Tengu growth]
  2437 | D:3      | Reached XP level 5. HP: 28/28 MP: 0/9
  2653 | D:3      | Found a shimmering altar of Xom.
  2654 | D:3      | Found a hazy altar of Hepliaklqana.
  2654 | D:3      | Noticed a caustic shrike
  2655 | D:3      | Noticed a spectral ugly thing
  2655 | D:3      | Noticed a caustic shrike
  2931 | D:4      | Reached skill level 5 in Conjurations
  2992 | D:4      | Noticed an ogre
  2997 | D:4      | Killed an ogre
  2997 | D:4      | Reached XP level 6. HP: 32/32 MP: 5/11
  3118 | D:4      | Learned a level 4 spell: Airstrike
  3577 | D:5      | Entered Level 5 of the Dungeon
  3678 | D:5      | Reached skill level 5 in Spellcasting
  3678 | D:5      | Reached XP level 7. HP: 25/36 MP: 13/15
  3871 | D:5      | Reached skill level 1 in Fighting
  4052 | D:5      | Found a staircase to the Ecumenical Temple.
  4065 | Temple   | Entered the Ecumenical Temple
  4637 | D:6      | Found a blossoming altar of Fedhas.
  4637 | D:6      | Found a hide-covered altar of Uskayaw.
  4637 | D:6      | Found an ornate altar of the Wu Jian Council.
  4644 | D:6      | Became a worshipper of Uskayaw the Reveler
  4829 | D:6      | Reached * piety under Uskayaw
  4850 | D:6      | Reached ** piety under Uskayaw
  4859 | D:6      | Noticed Sigmund
  5105 | D:6      | Noticed Dowan
  5302 | D:6      | Noticed Duvessa
  5319 | D:6      | Killed Duvessa
  5319 | D:6      | Reached XP level 8. HP: 43/47 MP: 5/16
  5469 | D:7      | Found a runed door.
  5813 | D:7      | Learned a level 5 spell: Lightning Bolt
  6003 | D:7      | Noticed grisnicke's ghost (novice TeAE)
  6015 | D:7      | Killed grisnicke's ghost
  6015 | D:7      | Reached *** piety under Uskayaw
  6322 | D:7      | Reached XP level 9. HP: 52/52 MP: 10/17
  6485 | D:8      | Reached skill level 2 in Long Blades
  6485 | D:8      | Reached skill level 3 in Long Blades
  6554 | D:8      | Reached skill level 4 in Long Blades
  6566 | D:8      | Reached skill level 5 in Long Blades
  6859 | D:8      | Reached skill level 6 in Long Blades
  7121 | D:8      | Reached **** piety under Uskayaw
  7140 | D:8      | Reached skill level 7 in Long Blades
  7426 | D:8      | Reached skill level 5 in Dodging
  7472 | D:8      | Reached XP level 10. HP: 35/56 MP: 6/18
  7517 | D:8      | Noticed a two-headed ogre
  7527 | D:8      | Killed a two-headed ogre
  7883 | D:9      | You fall through a shaft!
  7883 | D:10     | Entered Level 10 of the Dungeon
  7956 | D:10     | Found Uppoj's Weapon Boutique.
  8030 | D:9      | Found a staircase to the Lair.
  8389 | D:9      | Found a staircase to the Orcish Mines.
  8403 | D:9      | Found a glowing silver altar of Zin.
  8403 | D:9      | Found a burning altar of Makhleb.
  8404 | D:9      | Noticed an Executioner
  8404 | D:9      | Noticed an angel
  8441 | D:9      | Noticed Joseph
  8474 | D:9      | Killed Joseph
  8776 | D:9      | Reached skill level 5 in Fighting
  8815 | D:9      | Found a blossoming altar of Fedhas.
  9343 | D:9      | Found a white marble altar of Elyvilon.
  9537 | D:10     | Noticed Josephine
  9580 | Lair:1   | Entered Level 1 of the Lair of Beasts
  9783 | Lair:1   | Noticed Fannar
  9796 | Lair:1   | Killed Fannar
  9796 | Lair:1   | Reached skill level 5 in Stealth
  9796 | Lair:1   | Reached XP level 11. HP: 42/67 MP: 19/19
 10350 | Lair:2   | Reached skill level 8 in Long Blades
 10354 | Lair:2   | Noticed Sonja
 10358 | Lair:2   | Killed Sonja
 10457 | Lair:2   | Noticed a six-headed hydra
 10560 | Lair:2   | Noticed a five-headed hydra
 10597 | Lair:2   | Found a dark tunnel.
 10602 | Volcano  | Entered a volcano
 10637 | Volcano  | Reached skill level 9 in Long Blades
 10789 | Volcano  | Noticed a stone giant
 10793 | Volcano  | HP: 3/67 [stone giant/large rock (41)]
 10798 | Lair:2   | HP: 3/67 [bullfrog (4)]
 10890 | Lair:2   | Killed a one-headed hydra
 10890 | Lair:2   | Reached skill level 10 in Long Blades
 10920 | Lair:2   | Noticed a death yak
 10924 | Lair:2   | Noticed a death yak
 10928 | Lair:2   | Noticed a death yak
 11393 | D:10     | Reached skill level 1 in Invocations
 11401 | D:10     | Killed Josephine
 11401 | D:10     | Reached ***** piety under Uskayaw
 11416 | D:10     | Reached ****** piety under Uskayaw
 11562 | D:10     | Reached XP level 12. HP: 72/72 MP: 20/20
 11688 | D:10     | Reached skill level 5 in Invocations
 11911 | D:11     | Noticed an eight-headed hydra
 12033 | D:11     | Killed an eight-headed hydra
 12033 | D:11     | Reached skill level 11 in Long Blades
 12584 | D:11     | Reached skill level 12 in Long Blades
 12761 | D:11     | Slain by a manticore

Vault maps used:
D:1:      minmay_arrival_stair_chambers
D:2:      minmay_misc_feat_chi
D:3:      regret_index_temple_of_mockery, okawaru_trees_1, first_bread,
          serial_glass, glass_columns_a, glass_columns_b
D:5:      minmay_temple_entry_glass
D:6:      gammafunk_temple_overflow_claw, minmay_misc_feat_more_columns,
          nicolae_lava_and_water, uniq_duvessa, uniq_sigmund
D:7:      minmay_door_square, uniq_crazy_yiuf_cottage
D:8:      st_stairs_1, grunt_livestock, hex_large
D:9:      grunt_temple_overflow_order_and_chaos_2,
          lemuel_coloured_pillars_altar, lair_entry_dummy, orc_0_dummy,
          serial_co_window_serial, co_window_corner_a,
          co_window_of_opportunity_a, co_window_corner_a, co_window_paths_b,
          co_window_paths_a, co_window_of_opportunity_a, co_window_paths_b,
          co_window_corner_cb, co_window_of_opportunity_b,
          co_window_unsneaky_path_c, co_window_sun, co_window_4corner_a,
          glass_columns_a, fedhas_altar_1, uniq_joseph
D:10:     serial_shops, kennysheep_little_box, uniq_josephine
Temple:   nicolae_temple_figure_eight
Lair:1:   nicolae_lair_grove_arrangements, minivault_24, uniq_fannar
Lair:2:   wad_woods_structure_01, minmay_shoals_entry_hut,
          nicolae_volcano_entry_s_turn, uniq_sonja
Volcano:  volcano_pools

Skill      XL: |  1  2  3  4  5  6  7  8  9 10 11 12 |
---------------+-------------------------------------+-----
Conjurations   | 2 3 4 5 7 |  7.1
Air Magic      | 5 6 8 9 |  9.1
Spellcasting   | 3 5 |  5.1
Fighting       | 3 7 |  7.3
Dodging        | 4 5 8 |  8.4
Stealth        | 3 5 7 |  7.3
Long Blades    | 7 10 12 | 12.1
Invocations    | 4 5 |  5.2

Action                   |  1- 3 |  4- 6 |  7- 9 | 10-12 || total
-------------------------+-------+-------+-------+-------++-------
Melee: Dagger            |     6 |    23 |    65 |    47 ||   141
       Peck              |     2 |     1 |     6 |    37 ||    46
       Kick              |     1 |     2 |     9 |    66 ||    78
       Long sword        |       |       |     4 |    49 ||    53
       Short sword       |       |       |       |   152 ||   152
       Scimitar          |       |       |       |    21 ||    21
 Cast: Shock             |    50 |    77 |   118 |   130 ||   375
       Static Discharge  |       |     5 |     3 |    22 ||    30
       Airstrike         |       |     3 |     4 |    20 ||    27
       Lightning Bolt    |       |       |    11 |    13 ||    24
       Swiftness         |       |       |       |     2 ||     2
 Abil: Evoke Berserk Rag |       |       |       |     2 ||     2
Evoke: Wand              |       |       |     2 |     1 ||     3
  Use: Scroll            |     5 |     4 |    10 |    13 ||    32
       Potion            |       |     1 |     1 |     2 ||     4
 Stab: Sleeping          |     1 |     6 |     5 |    10 ||    22
       Paralysed         |       |       |     2 |    19 ||    21
       Distracted        |       |       |       |     2 ||     2
  Eat: Chunk             |     3 |     8 |    16 |    18 ||    45
       Meat ration       |       |       |       |     2 ||     2
Armor: Robe              |     2 |     7 |     5 |     2 ||    16
       Troll leather arm |       |       |       |    53 ||    53
Dodge: Dodged            |     7 |    24 |    67 |   287 ||   385
       Deflected         |       |       |       |     1 ||     1
       Rpst.: Long sword |       |       |     2 |    21 ||    23
       Scimitar          |       |       |       |     3 ||     3
